 Dungeon Crawl Stone Soup version bcrawl-1.37.2 (webtiles) character file.

Game seed: 4056489797452999631

128091 Mehrunes the Magician (level 5, -1/35 HPs)
             Began as a Mummy Fire Elementalist on Nov 9, 2022.
             Slain by Ijyb
             ... wielding a +1 dagger of electrocution
              (12 damage)
             ... on level 3 of the Dungeon.
             The game lasted 00:05:52 (3816 turns).

Mehrunes the Magician (Mummy Fire Elementalist)     Turns: 3816, Time: 00:05:52

Health: -1/35      AC:  3    Str: 12    XL:     5   Next: 77%
Magic:  7/11       EV: 12    Int: 15    God:
Gold:   233        SH:  0    Dex: 12    Spells: 4/12 levels left

rFire    x . .     GDR:     24% f - +1 spear (distort)
rCold    + . .     SeeInvis .   (no shield)
rNeg     + + +     Gourm    .   a - +0 robe
rPois    ∞         Faith    .   s - +0 helmet
rElec    .         Spirit   .   (no cloak)
rCorr    .         Reflect  .   (no gloves)
MR       .....     Clarity  +   (no boots)
Stlth    ++........             g - amulet of magic regeneration
HPRegen  0.15/turn              (no ring)
MPRegen  0.24/turn              (no ring)

@: no status effects
A: no food or potions, fire vulnerability, clarity, cold resistance 1, negative
energy resistance 3, torment resistance, unbreathing, strong hexes 1
a: no special abilities


You were on level 3 of the Dungeon.
You were not hungry.

You visited 1 branch of the dungeon, and saw 3 of its levels.
You also visited: Sewer.

You collected 233 gold pieces.

Inventory:

Hand Weapons
 e - a +0 dagger
 f - a +1 spear of distortion (weapon)
 t - a +1 dagger of speed
 u - a +0 blowgun
Missiles
 d - 538 stones (quivered)
 h - 56 poisoned tomahawks
 q - 50 poisoned needles
Armour
 a - a +0 robe (worn)
 s - a +0 helmet (worn)
 v - a +0 pair of gloves
Jewellery
 g - an amulet of magic regeneration (around neck)
 m - an uncursed ring of protection from fire {unknown}
Wands
 c - a wand of flame (4)
Scrolls
 b - 4 scrolls of enchant weapon
 i - 2 scrolls of identify
 j - 4 scrolls of teleportation
 k - a scroll of immolation {unknown}
 l - 3 scrolls of fear
 n - a scroll of fog {unknown}
 o - a scroll of enchant armour {unknown}
 p - a scroll of remove curse {unknown}
 r - 3 scrolls of magic mapping


   Skills:
 - Level 1.5 Dodging
 - Level 2.1 Stealth
 + Level 4.0 Spellcasting
 * Level 3.1 Conjurations
 * Level 3.8 Fire Magic


You had 4 spell levels left.
You knew the following spells:

 Your Spells              Type           Power        Failure   Level  Hunger
a - Flame Tongue          Conj/Fire      ##...        4%          1    N/A
b - Conjure Flame         Conj/Fire      ##......     13%         3    N/A
c - Sticky Flame          Conj/Fire      ##......     38%         4    N/A

Your spell library contained the following spells:

 Spells                   Type           Power        Failure   Level  Hunger
 Flaming Arrows           Chrm/Fire      #.......     12%         2    N/A
 Inner Flame              Hex/Fire       N/A          24%         3    N/A
 Fireball                 Conj/Fire      ##........   75%         5    N/A

Dungeon Overview and Level Annotations

Branches:
Dungeon (3/12)

Altars:
Dithmenos
Nemelex Xobeh
Xom

Annotations:
D:3 2 runed translucent doors, Ijyb; Mrkan's ghost, amateur DsGl


Innate Abilities, Weirdness & Mutations

You do not eat or drink.
Your flesh is vulnerable to fire.
You are immune to poison.
You possess an exceptional clarity of mind.
Your flesh is cold resistant. (rC+)
You are immune to negative energy. (rN+++)
You are immune to unholy pain and torment.
You can survive without breathing.
Your hexes are more powerful.


Message History

Ijyb shoots a sling bullet.
The sling bullet closely misses you.
Casting: Flame Tongue (safe; 4% risk of failure)
Confirm with . or Enter, or press ? or * to list all spells.
You can't see any susceptible monsters within range! (Use Z to cast anyway.) Ijyb shoots a sling bullet.
The sling bullet closely misses you.
Ijyb unwields a +0 hunting sling of freezing.
Ijyb wields a +1 dagger of electrocution.
You hear the crackle of electricity.
Ijyb hits you with a +1 dagger of electrocution.
You are electrocuted!
Casting: Flame Tongue (safe; 4% risk of failure)
Confirm with . or Enter, or press ? or * to list all spells.
Aiming: Sticky Flame (quite dangerous; 38% risk of failure)
Press: ? - help, Shift-Dir - straight line, f - Ijyb
Aim: Ijyb, wielding a +1 dagger of electrocution, wearing a +0 chain mail, quivering 117 sling bullets and carrying a wand of polymorph (13)
The sticky flame hits Ijyb but does no damage.
Ijyb is covered in liquid flames!
Ijyb burns!
Ijyb hits you with a +1 dagger of electrocution.
You are electrocuted!
You die...

###.#### #.# ###.###.# # #
#....####.#####.# #)# #####
###.##.........##.###.##
#....
....#######.##.##.##.#.##
#.##≈ #.<....#
#.##.##.#.###.## #.##≈
#...##.## #.##)##..## ##.#
#.≈≈. #..)#...#
#.##....#.###.## #.≈≈.
#....#########....##.#[##
#.≈≈.
#....#.8.8.8.8..@......#
####.≈≈.
...#.#.........g.......#
#....≈≈.
...###............####.#
#.##.##≈ #)...#............#
#.# #.##.##≈
...###...........## #.#
#....... #..# #...........#
#.# #.#..... ...#
#.8.8.8.8...# #.# #.######
...###########.#.# #.# #.#
###.#............#####.###.#


You could see Ijyb (burning).

Vanquished Creatures
  Jessica (D:3)
  A worker ant (D:3)
  A howler monkey skeleton (D:3)
  7 adders
  3 worms
  3 dart slugs
  4 leopard geckos
  3 orcs (D:3)
  5 ball pythons
  10 bats
  A giant cockroach (D:2)
  8 goblins
  8 hobgoblins
  6 jackals
  20 kobolds
  3 quokkas
  5 frilled lizards
  6 rats
  2 plants (Sewer)
97 creatures vanquished.

Vanquished Creatures (others)
  A plant (Sewer)
1 creature vanquished.

Grand Total: 98 creatures vanquished

Notes
Turn   | Place    | Note
-------+----------+-------------------------------------------
     0 | D:1      | Mehrunes the Mummy Fire Elementalist began the quest for
                  | the Orb.
     0 | D:1      | Reached XP level 1. HP: 13/13 MP: 4/4
    56 | D:1      | Reached skill level 1 in Conjurations
    78 | D:1      | Reached XP level 2. HP: 12/19 MP: 0/5
   186 | D:1      | Reached skill level 3 in Spellcasting
   851 | D:2      | Reached XP level 3. HP: 24/24 MP: 4/7
  1097 | D:2      | Found a hide-covered altar of Uskayaw.
  1099 | D:2      | Found a stormy altar of Qazlal.
  1099 | D:2      | Found a shimmering blue altar of Sif Muna.
  1101 | D:2      | Found a shimmering altar of Xom.
  1101 | D:2      | Found a sparkling altar of Nemelex Xobeh.
  1101 | D:2      | Found a shimmering altar of Xom.
  1627 | D:2      | Learned a level 3 spell: Conjure Flame
  1699 | D:2      | Reached XP level 4. HP: 30/30 MP: 2/9
  2017 | D:3      | Learned a level 4 spell: Sticky Flame
  2085 | D:3      | Noticed Ijyb
  2196 | D:3      | Found a sparkling altar of Nemelex Xobeh.
  2213 | D:3      | Noticed Jessica
  2223 | D:3      | Killed Jessica
  2224 | D:3      | Reached XP level 5. HP: 30/35 MP: 2/10
  2250 | D:3      | Found a glowing drain.
  2262 | Sewer    | Entered a sewer
  3048 | D:3      | Found a runed translucent door.
  3049 | D:3      | Noticed Mrkan's ghost (amateur DsGl)
  3123 | D:3      | Reached skill level 4 in Spellcasting
  3508 | D:3      | Found a shadowy altar of Dithmenos.
  3508 | D:3      | Found a runed translucent door.
  3816 | D:3      | Slain by Ijyb

Skill      XL: |  1  2  3  4  5 |
---------------+----------------+-----
Conjurations   | 1 2 3 |  3.1
Spellcasting   | 3 4 |  4.0
Fire Magic     | 3 |  3.8
Dodging        | |  1.5
Stealth        | |  2.1

Action                   |  1- 3 |  4- 6 || total
-------------------------+-------+-------++-------
Melee: Unarmed           |     5 |       ||     5
       Dagger            |     4 |     6 ||    10
       Spear             |       |    24 ||    24
 Fire: Blowgun           |       |     7 ||     7
 Cast: Flame Tongue      |    68 |   101 ||   169
       Sticky Flame      |       |     1 ||     1
  Use: Scroll            |       |     5 ||     5
Armor: Robe              |     6 |    19 ||    25
Dodge: Dodged            |    21 |    52 ||    73
